 Dungeon Crawl Stone Soup version 0.28-a0-1234-g826d19b2e0 (webtiles) character file.

Game seed: 15298866326457046325

8 Htamos the Chopper (level 2, 0/22 HPs)
             Began as a Demonspawn Gladiator on Dec 24, 2021.
             Succumbed to a kobold's poison
             ... on level 1 of the Dungeon.
             The game lasted 00:00:59 (193 turns).

Htamos the Chopper (Demonspawn Gladiator)            Turns: 193, Time: 00:00:59

Health: 0/22       AC:  4    Str: 14    XL:     2   Next: 0%
Magic:  2/2        EV: 12    Int:  9    God:
Gold:   0          SH:  0    Dex: 14    Spells: 1/1 levels left

rFire   . . .      SeeInvis .   a - +0 war axe
rCold   . . .      Faith    .   (no shield)
rNeg    . . .      Spirit   .   b - +0 leather armour
rPois   .          Reflect  .   c - +0 helmet
rElec   .          Harm     .   (no cloak)
rCorr   .          Rampage  .   (no gloves)
Will    .....                   (no boots)
Stlth   +.........              (no amulet)
HPRegen 0.07/turn               (no ring)
MPRegen 0.08/turn               (no ring)

@: lethally poisoned (0 -> -3)
A: foul stench 1
a: no special abilities


You were on level 1 of the Dungeon.
You visited 1 branch of the dungeon, and saw 1 of its levels.

Inventory:

Hand Weapons
 a - a +0 war axe (weapon)
Missiles
 d - 3 throwing nets (quivered)
Armour
 b - a +0 leather armour (worn)
 c - a +0 helmet (worn)
Scrolls
 e - a scroll of enchant armour {unknown}
 f - a scroll of enchant weapon {unknown}


   Skills:
 + Level 2.2 Fighting
 + Level 2.8 Axes
 - Level 1.7 Throwing
 + Level 0.3 Armour
 - Level 2.6 Dodging
 * Level 1.2 Invocations


You had one spell level left.
You didn't know any spells.
Your spell library was empty.

Dungeon Overview and Level Annotations

Branches:
Dungeon (1/15)

Altars:


Innate Abilities, Weirdness & Mutations

You may rarely emit foul miasma when damaged in melee.


Message History

The giant cockroach closely misses you.
The giant cockroach bites you but does no damage.
You hit the giant cockroach but do no damage.
The giant cockroach bites you but does no damage.
You barely miss the giant cockroach. The giant cockroach misses you. x2
You hit the giant cockroach.
You kill the giant cockroach!
No target in view!
A kobold comes into view. It is wielding a +2 dagger of venom.
A kobold is nearby!
Found a whip.
You hit the kobold but do no damage. The kobold hits you but does no damage.
You are poisoned.
You closely miss the kobold.
You feel very sick.
The kobold hits you with a +2 dagger of venom.
You are lethally poisoned!
The kobold closely misses you.
You slash the kobold!
You kill the kobold!
* * * LOW HITPOINT WARNING * * *
You feel very sick.
You have reached level 2!
Your demonic ancestry asserts itself...
You begin to emit a foul stench of rot and decay.
You aren't carrying any potions.
* * * LOW HITPOINT WARNING * * *
You feel sick.
* * * LOW HITPOINT WARNING * * *
You feel very sick.
* * * LOW HITPOINT WARNING * * *
You feel sick.
* * * LOW HITPOINT WARNING * * *
You feel sick.
Okay, then.
* * * LOW HITPOINT WARNING * * *
You feel sick.
* * * LOW HITPOINT WARNING * * *
You feel sick.
You die...

#.......##...######........#
..#...#.##.#.## #........#
....#.. #.#... ###.>.##.#
#..###. ###.##.# ..# #.#####
#.##.# ..... #..#..# #.##.#
##. #.. #.#..####.##.#
#.##......##.##.#
#...#@.##.##..#)#
#.####....##.###.#.#
......)......##..#.#
#)...##.........##.#
##......#.#..#####.#
#..#####.##.# #.# . #..#.#
#.# ##...### #.## ###...#
#..#


There were no monsters in sight!

Vanquished Creatures
  A giant cockroach (D:1)
  2 jackals (D:1)
  A quokka (D:1)
  2 frilled lizards (D:1)
  A kobold (D:1)
  A rat (D:1)
8 creatures vanquished.

Notes
Turn   | Place    | Note
-------+----------+-------------------------------------------
     0 | D:1      | Htamos the Demonspawn Gladiator began the quest for the
                  | Orb.
     0 | D:1      | Reached XP level 1. HP: 16/16 MP: 1/1
     1 | D:1      | Noticed an electric eel
   111 | D:1      | Reached skill level 1 in Invocations
   187 | D:1      | Gained mutation: You may rarely emit foul miasma when
                  | damaged in melee. [demonic ancestry]
   187 | D:1      | Reached XP level 2. HP: 10/22 MP: 2/2
   191 | D:1      | HP: 1/22 [poisoned by a kobold]
   193 | D:1      | Succumbed to a kobold's poison

Illustrated notes

Levels and vault maps discovered:
D:1:      arrival_aquarium_a, layout_rooms, ebering_ecumenical_altar_rust,
          minmay_misc_feat_more_columns

Skill      XL: |  1 |
---------------+----+-----
Invocations    | 1 |  1.2
Fighting       | |  2.2
Axes           | |  2.8
Throwing       | |  1.7
Armour         | |  0.3
Dodging        | |  2.6

Action                   || total
-------------------------++-------
Melee: War axe           ||    20
Armor: Leather armour    ||     7
Dodge: Dodged            ||    15

Table legend: (Time is in decaauts)
 A = Elapsed time spent in this place.
 B = Non-inter-level travel time spent in this place.
 C = Inter-level travel time spent in this place.
 D = Time resting spent in this place.
 E = Time spent auto-exploring this place.
 F = Levels seen in this place.
 G = Mean time per level.
                   A        B        C        D        E       F      G
               +--------+--------+--------+--------+--------+-----+--------+
         Total |    200 |    200 |      0 |      0 |    120 |   1 |  200.0 |
       Dungeon |    200 |    200 |      0 |      0 |    120 |   1 |  200.0 |
               +--------+--------+--------+--------+--------+-----+--------+

Top non-repeatable levels by time:
     D:1: 200 daAuts
